[Event "Rated Blitz game"]
[Site "?"]
[Date "2021.11.03"]
[Round "?"]
[White "nicemove"]
[Black "Wernad"]
[Result "1-0"]
[ECO "C42"]
[WhiteElo "2455"]
[BlackElo "2440"]
[PlyCount "87"]
[EventDate "2021.??.??"]
[EventType "blitz"]
[TimeControl "180"]

1. e4 e5 2. Nf3 Nf6 3. Nxe5 d6 4. Nxf7 Kxf7 5. Nc3 c6 6. d4 Be7 7. h3 Rf8 8.
Bd3 Kg8 9. O-O Be6 10. f4 d5 11. e5 Ne4 12. Nxe4 dxe4 13. Bxe4 Bf5 14. Bxf5
Rxf5 15. Qd3 g6 16. Be3 b5 17. g4 Rf8 18. f5 gxf5 19. gxf5 Kh8 20. Kh2 Nd7 21.
Rf3 Nb6 22. Raf1 Nd5 23. Bh6 Rg8 24. f6 Bf8 25. Bd2 Qd7 26. c3 Rg6 27. b3 Qe6
28. c4 bxc4 29. bxc4 Nb6 30. Rc1 Ba3 31. Rc2 Bf8 32. Be3 Rd8 33. Qe2 a5 34. Bf2
Bb4 35. Rd3 Rdg8 36. Bg3 Nxc4 37. d5 cxd5 38. Rf3 Bf8 39. a3 h5 40. h4 Rg4 41.
Qg2 Nxe5 42. Re3 Bd6 43. Qxd5 Qxd5 44. Rd2 {Time forfeit} 1-0

[Event "Rated Rapid game"]
[Site "?"]
[Date "2021.11.03"]
[Round "?"]
[White "sasamike"]
[Black "Bodlja"]
[Result "0-1"]
[ECO "C42"]
[WhiteElo "2353"]
[BlackElo "2400"]
[PlyCount "50"]
[EventDate "2021.??.??"]
[EventType "rapid"]
[TimeControl "600"]

1. e4 e5 2. Nf3 Nf6 3. Nxe5 d6 4. Nxf7 Kxf7 5. d4 Qe8 6. Bc4+ d5 7. Bb3 Qxe4+
8. Be3 Qxg2 9. Rf1 Bd6 10. Nc3 c6 11. Qd2 Bg4 12. Ne2 Ne4 13. Qd3 Rf8 14. O-O-O
Kg8 15. Rg1 Qf3 16. Nc3 Nxc3 17. Qxc3 Nd7 18. Rde1 Rae8 19. Rg3 Qf5 20. Rf1 Bf3
21. Rg5 Qf6 22. Rfg1 g6 23. R5g3 Bxg3 24. Rxg3 Be4 25. Bg5 Qxf2 {Normal} 0-1

[Event "Rated Blitz game"]
[Site "?"]
[Date "2021.11.02"]
[Round "?"]
[White "IldarSal"]
[Black "dudu666"]
[Result "0-1"]
[ECO "C42"]
[WhiteElo "2460"]
[BlackElo "2452"]
[PlyCount "54"]
[EventDate "2021.??.??"]
[EventType "blitz"]
[TimeControl "180+2"]

1. e4 e5 2. Nf3 Nf6 3. Nxe5 d6 4. Nxf7 Kxf7 5. d4 c5 6. Bc4+ d5 7. exd5 cxd4 8.
O-O Bd6 9. Qxd4 Nbd7 10. Nc3 Qb6 11. Qh4 Ne5 12. Bb3 Ng6 13. Qc4 Re8 14. Be3
Rxe3 15. fxe3 Qxe3+ 16. Kh1 Qh6 17. g3 Kg8 18. Ne4 Nxe4 19. Qxe4 Bd7 20. Rae1
Bxg3 21. Re2 Bd6 22. c4 Nf4 23. Ref2 Re8 24. Qd4 Ne2 25. Qd3 Ng3+ 26. Kg1 Nxf1
27. Kxf1 Bh3+ {Normal} 0-1

[Event "Rated Blitz game"]
[Site "?"]
[Date "2021.11.02"]
[Round "?"]
[White "FunnyPlz"]
[Black "SuryanshShirbhate"]
[Result "0-1"]
[ECO "C42"]
[WhiteElo "2408"]
[BlackElo "2413"]
[PlyCount "146"]
[EventDate "2021.??.??"]
[EventType "blitz"]
[TimeControl "180+2"]

1. e4 e5 2. Nf3 Nf6 3. Nxe5 d6 4. Nxf7 Kxf7 5. d4 Be7 6. Bc4+ Be6 7. Bxe6+ Kxe6
8. Qe2 Kf7 9. Nc3 Re8 10. e5 dxe5 11. dxe5 Kf8 12. O-O Nbd7 13. Bd2 Nxe5 14.
Rad1 Bd6 15. Bg5 Neg4 16. Qb5 Nxh2 17. Rfe1 Nhg4 18. Ne4 Qd7 19. Qxb7 Rab8 20.
Nxf6 Nxf6 21. Qf3 Rxe1+ 22. Rxe1 Re8 23. Rd1 Qe6 24. g3 Qg4 25. Qxg4 Nxg4 26.
f3 Nf6 27. Kf2 Kf7 28. Rd2 Bc5+ 29. Kg2 Be3 30. Bxe3 Rxe3 31. Kf2 Re6 32. Rd4
a6 33. a4 Ke7 34. b4 Rd6 35. Rc4 Kd7 36. Ke2 Rd5 37. g4 Ne8 38. Rf4 Nd6 39. c4
Re5+ 40. Kd3 Re7 41. c5 Ne8 42. Kc4 Nf6 43. Rd4+ Kc8 44. c6 Ne8 45. b5 axb5+
46. axb5 Nd6+ 47. Kb4 Re5 48. b6 Rb5+ 49. Ka4 Rxb6 50. Rf4 Rxc6 51. Rf8+ Kd7
52. Rg8 Ne8 53. Kb4 Rf6 54. Rh8 h6 55. g5 hxg5 56. Rh3 Nd6 57. Rg3 Ke6 58. Rxg5
Kf7 59. Rg3 Nf5 60. Rh3 Nd4 61. Kc5 Nxf3 62. Rh1 g5 63. Rh7+ Kg6 64. Rxc7 g4
65. Rc8 Kf5 66. Kd5 g3 67. Rc2 Kg4 68. Ke4 Re6+ 69. Kd5 Re1 70. Rc4+ Kh3 71.
Rc8 g2 72. Rh8+ Kg4 73. Rg8+ Ng5 {Normal} 0-1

[Event "Rated Blitz game"]
[Site "?"]
[Date "2021.11.02"]
[Round "?"]
[White "Ute-Manfred"]
[Black "destructive_queen"]
[Result "1-0"]
[ECO "C42"]
[WhiteElo "2641"]
[BlackElo "2528"]
[PlyCount "143"]
[EventDate "2021.??.??"]
[EventType "blitz"]
[TimeControl "180"]

1. e4 e5 2. Nf3 Nf6 3. Nxe5 d6 4. Nxf7 Kxf7 5. d4 c6 6. Nc3 Be7 7. Bc4+ d5 8.
Bb3 Rf8 9. O-O Kg8 10. e5 Ne8 11. f4 Kh8 12. Ne2 a5 13. c3 Bf5 14. Ng3 Qc8 15.
Nxf5 Qxf5 16. Bc2 Qf7 17. f5 Nc7 18. Bf4 Nba6 19. Qg4 c5 20. Rf3 cxd4 21. Raf1
d3 22. Bxd3 Nc5 23. e6 N7xe6 24. fxe6 Qxe6 25. Qxe6 Nxe6 26. Be5 Rxf3 27. Rxf3
Rf8 28. Rxf8+ Bxf8 29. Bf5 Nc5 30. Kf1 Kg8 31. Ke2 g6 32. Bc8 Kf7 33. Bd4 b5
34. b4 axb4 35. cxb4 Ne6 36. Bc3 d4 37. Bd2 Ke7 38. Kd3 Kd6 39. Bxe6 Kxe6 40.
Kxd4 Kd6 41. Bf4+ Kc6 42. a3 Bg7+ 43. Be5 Bf8 44. g4 Be7 45. h3 Bg5 46. Kc3 Kd5
47. Bg7 Bc1 48. Kb3 Be3 49. a4 bxa4+ 50. Kxa4 Kc6 51. b5+ Kb7 52. Kb4 Bc1 53.
Kc4 Kb6 54. Bd4+ Kb7 55. Kd5 Bg5 56. Ke6 h5 57. Kf7 hxg4 58. hxg4 Bd2 59. Kxg6
Bf4 60. Kf5 Bc1 61. g5 Bxg5 62. Kxg5 Kc7 63. Kf5 Kb7 64. Ke5 Kc7 65. Kd5 Kb7
66. Kd6 Ka8 67. Kc6 Kb8 68. b6 Ka8 69. b7+ Kb8 70. Be5+ Ka7 71. b8=Q+ Ka6 72.
Qb6# {Normal} 1-0

[Event "Rated Blitz game"]
[Site "?"]
[Date "2021.11.02"]
[Round "?"]
[White "GalakhovSL"]
[Black "TobiasFFM"]
[Result "1-0"]
[ECO "C42"]
[WhiteElo "2405"]
[BlackElo "2295"]
[PlyCount "31"]
[EventDate "2021.??.??"]
[EventType "blitz"]
[TimeControl "180+2"]

1. e4 e5 2. Nf3 Nf6 3. Nxe5 d6 4. Nxf7 Kxf7 5. d4 c5 6. dxc5 d5 7. e5 Ng4 8. h3
Nxe5 9. Qh5+ Ng6 10. Nc3 Be6 11. Be3 Nc6 12. O-O-O d4 13. Nb5 Qa5 14. Nxd4 Bxc5
15. Qf3+ Ke7 16. Bg5+ {Normal} 1-0

[Event "Rated Blitz game"]
[Site "?"]
[Date "2021.11.02"]
[Round "?"]
[White "Udar59"]
[Black "bebeviejo"]
[Result "1-0"]
[ECO "C42"]
[WhiteElo "2409"]
[BlackElo "2377"]
[PlyCount "49"]
[EventDate "2021.??.??"]
[EventType "blitz"]
[TimeControl "180"]

1. e4 e5 2. Nf3 Nf6 3. Nxe5 d6 4. Nxf7 Kxf7 5. d4 Be7 6. Bd3 Re8 7. O-O Kg8 8.
c4 c6 9. Kh1 d5 10. cxd5 cxd5 11. e5 Ne4 12. f3 Ng5 13. Bxg5 Bxg5 14. f4 Be7
15. Qh5 g6 16. Bxg6 hxg6 17. Qxg6+ Kh8 18. Qh6+ Kg8 19. Rf3 Bh4 20. Qg6+ Kh8
21. f5 Qe7 22. f6 Qf8 23. Qh5+ Kg8 24. f7+ Kg7 25. fxe8=Q {Normal} 1-0

[Event "Rated Blitz game"]
[Site "?"]
[Date "2021.11.02"]
[Round "?"]
[White "mared2"]
[Black "Random_Patzer"]
[Result "1-0"]
[ECO "C42"]
[WhiteElo "2393"]
[BlackElo "2498"]
[PlyCount "75"]
[EventDate "2021.??.??"]
[EventType "blitz"]
[TimeControl "180"]

1. e4 e5 2. Nf3 Nf6 3. Nxe5 d6 4. Nxf7 Kxf7 5. d4 c5 6. dxc5 Nc6 7. Nc3 dxc5 8.
Bc4+ Be6 9. Bxe6+ Kxe6 10. Qe2 Kd7 11. Be3 Kc7 12. Rd1 Qe8 13. Bf4+ Kc8 14. O-O
Nd4 15. Qc4 Qe6 16. Rxd4 Qxc4 17. Rxc4 b6 18. Nd5 Kb7 19. Nxf6 gxf6 20. Rd1 Kc6
21. Rc3 Re8 22. f3 Rg8 23. Rcd3 Be7 24. Rd5 Rd8 25. c4 a6 26. a4 b5 27. axb5+
axb5 28. cxb5+ Kxb5 29. Rd7 Rxd7 30. Rxd7 Re8 31. Kf2 c4 32. Ke2 Bc5 33. Rxh7
Rd8 34. Rh5 Kb4 35. Bd2+ Kb3 36. Rxc5 Kxb2 37. Rxc4 Rg8 38. g3 {Normal} 1-0

[Event "Rated Blitz game"]
[Site "?"]
[Date "2021.11.02"]
[Round "?"]
[White "eranh"]
[Black "Eelecurb"]
[Result "0-1"]
[ECO "C42"]
[WhiteElo "2345"]
[BlackElo "2419"]
[PlyCount "58"]
[EventDate "2021.??.??"]
[EventType "blitz"]
[TimeControl "180"]

1. e4 e5 2. Nf3 Nf6 3. Nxe5 d6 4. Nxf7 Kxf7 5. Bc4+ Be6 6. Bxe6+ Kxe6 7. d4 Kf7
8. O-O Be7 9. f4 Nxe4 10. Qh5+ Kf8 11. f5 d5 12. Nc3 Nf6 13. Qh3 c5 14. dxc5 d4
15. Ne2 Nc6 16. Bf4 Qd5 17. Rae1 Qxc5 18. Ng3 Re8 19. Nh5 d3+ 20. Be3 Qxc2 21.
Rf2 Qc4 22. Rf4 Qf7 23. Nxg7 Qxg7 24. Re4 Nxe4 25. Bh6 Bc5+ 26. Kf1 Nd2+ 27.
Bxd2 Rxe1+ 28. Kxe1 Qe5+ 29. Kd1 Qe2+ {Normal} 0-1

[Event "Rated Blitz game"]
[Site "?"]
[Date "2021.11.01"]
[Round "?"]
[White "Der_Vagabund"]
[Black "Artem_Ry"]
[Result "1-0"]
[ECO "C42"]
[WhiteElo "2515"]
[BlackElo "2395"]
[PlyCount "51"]
[EventDate "2021.??.??"]
[EventType "blitz"]
[TimeControl "180"]

1. e4 e5 2. Nf3 Nf6 3. Nxe5 d6 4. Nxf7 Kxf7 5. Bc4+ Ke8 6. O-O Be7 7. d4 Nc6 8.
Bg5 h6 9. Bxf6 Bxf6 10. Qh5+ Kd7 11. e5 dxe5 12. dxe5 Bxe5 13. Qf5+ Kd6 14.
Rd1+ Nd4 15. Qe4 Qf6 16. c3 c5 17. cxd4 Bxd4 18. Nc3 Be6 19. Nb5+ Ke7 20. Nxd4
cxd4 21. Re1 Rhe8 22. Bxe6 Kf8 23. Rac1 Rad8 24. Rc7 Rd6 25. Qh7 Qxe6 26. Qxg7#
{Normal} 1-0

[Event "Rated Blitz game"]
[Site "?"]
[Date "2021.11.01"]
[Round "?"]
[White "polomarco"]
[Black "Ahmad12345"]
[Result "1-0"]
[ECO "C42"]
[WhiteElo "2645"]
[BlackElo "2514"]
[PlyCount "53"]
[EventDate "2021.??.??"]
[EventType "blitz"]
[TimeControl "180+2"]

1. e4 e5 2. Nf3 Nf6 3. Nxe5 d6 4. Nxf7 Kxf7 5. Bc4+ Be6 6. Bxe6+ Kxe6 7. O-O
Kf7 8. d4 Kg8 9. Nc3 Nc6 10. f4 Qd7 11. e5 dxe5 12. fxe5 Nd5 13. Ne4 Nb6 14. c3
Be7 15. a4 a5 16. Qh5 Qe6 17. Bg5 Qg6 18. Qh3 h6 19. Bxe7 Nxe7 20. Rf4 Rf8 21.
Nf6+ Rxf6 22. exf6 Ned5 23. Qe6+ Kh7 24. Rg4 Qxf6 25. Qe4+ g6 26. Rf1 Qg7 27.
Rxg6 {Time forfeit} 1-0

[Event "Rated Blitz game"]
[Site "?"]
[Date "2021.11.01"]
[Round "?"]
[White "Venevtsev_Andrey"]
[Black "Ahmad12345"]
[Result "0-1"]
[ECO "C42"]
[WhiteElo "2555"]
[BlackElo "2523"]
[PlyCount "64"]
[EventDate "2021.??.??"]
[EventType "blitz"]
[TimeControl "180+2"]

1. e4 e5 2. Nf3 Nf6 3. Nxe5 d6 4. Nxf7 Kxf7 5. Nc3 Be6 6. d4 Be7 7. f4 Kg8 8.
Be2 d5 9. f5 Bf7 10. e5 Ne4 11. Nxe4 dxe4 12. O-O c5 13. e6 Be8 14. d5 Bd6 15.
Bh5 Qh4 16. Bf7+ Bxf7 17. exf7+ Kxf7 18. g3 Qh3 19. Bf4 Bxf4 20. Rxf4 Qh6 21.
d6 Nc6 22. Qd5+ Ke8 23. Rxe4+ Kd8 24. Rae1 Rb8 25. Re6 Qg5 26. c3 Rf8 27. Qe4
Qxf5 28. Re8+ Kd7 29. Re7+ Nxe7 30. Qxe7+ Kc6 31. Qc7+ Kb5 32. c4+ Ka6 {
Time forfeit} 0-1

[Event "Rated Blitz game"]
[Site "?"]
[Date "2021.11.01"]
[Round "?"]
[White "Venevtsev_Andrey"]
[Black "endingjoe"]
[Result "1-0"]
[ECO "C42"]
[WhiteElo "2530"]
[BlackElo "2507"]
[PlyCount "63"]
[EventDate "2021.??.??"]
[EventType "blitz"]
[TimeControl "180+2"]

1. e4 e5 2. Nf3 Nf6 3. Nxe5 d6 4. Nxf7 Kxf7 5. Nc3 c5 6. Bc4+ Be6 7. Bxe6+ Kxe6
8. d4 cxd4 9. Qxd4 Kf7 10. O-O Qd7 11. f4 Nc6 12. Qc4+ Qe6 13. Qd3 Re8 14. f5
Qe5 15. Bf4 Qd4+ 16. Kh1 Nxe4 17. Nxe4 Rxe4 18. Qb3+ Qc4 19. Qxb7+ Re7 20. Qa8
Ne5 21. Rad1 Re8 22. Qb7+ Be7 23. Bg5 Ng4 24. Rf4 Qxc2 25. Qd5+ Kf8 26. Rxg4
Qe2 27. Re4 Qh5 28. Bxe7+ Rxe7 29. Qxd6 Qxd1+ 30. Qxd1 Rxe4 31. h3 Kf7 32. Qd5+
{Time forfeit} 1-0

[Event "Rated Blitz game"]
[Site "?"]
[Date "2021.11.01"]
[Round "?"]
[White "fjruizcasado"]
[Black "keerm"]
[Result "1-0"]
[ECO "C42"]
[WhiteElo "2433"]
[BlackElo "2341"]
[PlyCount "93"]
[EventDate "2021.??.??"]
[EventType "blitz"]
[TimeControl "180"]

1. e4 e5 2. Nf3 Nf6 3. Nxe5 d6 4. Nxf7 Kxf7 5. Nc3 g6 6. Bc4+ Be6 7. Bxe6+ Kxe6
8. d4 Kf7 9. O-O Kg7 10. f4 d5 11. e5 Ne4 12. Nxe4 dxe4 13. f5 Nc6 14. f6+ Kf7
15. c3 Qd5 16. Be3 h5 17. b3 Bh6 18. Qd2 Bxe3+ 19. Qxe3 Rad8 20. Rad1 b5 21.
Rfe1 Rhe8 22. Qh6 Rg8 23. Qh7+ Ke6 24. c4 bxc4 25. bxc4 Qd7 26. d5+ Kxe5 27. f7
Rgf8 28. Qg7+ Kf5 29. Rf1+ Kg5 30. Qf6+ Kh6 31. Rde1 Ne7 32. Rxe4 Nf5 33. Re6
Nh4 34. g3 Rxf7 35. Qxf7 Qxf7 36. Rxf7 Nf5 37. Rxf5 Kh7 38. Rff6 Rg8 39. Rxg6
Rxg6 40. Rxg6 Kxg6 41. Kf2 Kf6 42. Kf3 Ke5 43. h3 Kd4 44. g4 Kxc4 45. g5 Kxd5
46. g6 Ke6 47. Kf4 {Time forfeit} 1-0

[Event "Rated Blitz game"]
[Site "?"]
[Date "2021.11.01"]
[Round "?"]
[White "Esoj41"]
[Black "Gozaisho"]
[Result "1-0"]
[ECO "C42"]
[WhiteElo "2400"]
[BlackElo "2373"]
[PlyCount "81"]
[EventDate "2021.??.??"]
[EventType "blitz"]
[TimeControl "180+2"]

1. e4 e5 2. Nf3 Nf6 3. Nxe5 d6 4. Nxf7 Kxf7 5. Nc3 Be6 6. d4 Kg8 7. f4 h5 8. f5
Bf7 9. Bg5 Qe8 10. Qe2 Nbd7 11. O-O-O a6 12. Qf3 b5 13. Bd3 c5 14. e5 dxe5 15.
dxe5 Nxe5 16. Qg3 Nxd3+ 17. Rxd3 Ne4 18. Nxe4 Qxe4 19. f6 Qg4 20. Qe3 Re8 21.
Qd2 Re2 22. fxg7 Rxd2 23. gxf8=Q+ Kxf8 24. Bxd2 Qxg2 25. Re1 Bd5 26. Rg3 Qxh2
27. Rg5 Bc6 28. Rf5+ Kg8 29. Rg5+ Kf7 30. Bc3 Rg8 31. Rf5+ Kg6 32. Rf6+ Kg5 33.
Rxc6 Qf4+ 34. Bd2 Qxd2+ 35. Kxd2 Rd8+ 36. Ke2 Rd5 37. Rg1+ Kf5 38. Rh6 Ke4 39.
Re6+ Kd4 40. c3+ Kc4 41. Re4+ {Normal} 1-0

[Event "Rated Blitz game"]
[Site "?"]
[Date "2021.10.31"]
[Round "?"]
[White "DaVy_JoneSS-1703"]
[Black "filmer75"]
[Result "0-1"]
[ECO "C42"]
[WhiteElo "2613"]
[BlackElo "2617"]
[PlyCount "136"]
[EventDate "2021.??.??"]
[EventType "blitz"]
[TimeControl "180"]

1. e4 e5 2. Nf3 Nf6 3. Nxe5 d6 4. Nxf7 Kxf7 5. d4 c5 6. dxc5 Qa5+ 7. Nc3 Qxc5
8. Be3 Qb4 9. Qd2 Be6 10. a3 Qxb2 11. Rb1 Qxa3 12. Rxb7+ Nbd7 13. Bb5 Be7 14.
O-O Rhb8 15. Rxb8 Rxb8 16. f4 Rc8 17. Bd4 Kg8 18. e5 dxe5 19. fxe5 Ng4 20. Bxd7
Bxd7 21. h3 Nh6 22. Nd5 Be6 23. Nf4 Bc4 24. Ra1 Qb4 25. Qxb4 Bxb4 26. Rxa7 Nf5
27. Bf2 Bd2 28. Nh5 Bf7 29. Ng3 Nxg3 30. Bxg3 Bg6 31. Rd7 Be3+ 32. Kh2 Bxc2 33.
e6 Bf5 34. Be5 Bh6 35. Re7 Kf8 36. Bd6 Bf4+ 37. g3 Bxd6 38. Rf7+ Kg8 39. Rxf5
Re8 40. Ra5 Rxe6 41. Ra8+ Kf7 42. Ra7+ Re7 43. Ra6 Be5 44. Kg2 h6 45. Ra5 Bf6
46. Rb5 Re5 47. Kf3 Rxb5 48. Ke4 Ke6 49. Kf3 Rb3+ 50. Kg4 h5+ 51. Kxh5 g6+ 52.
Kg4 Rb4+ 53. Kf3 Kf5 54. h4 Rb3+ 55. Kg2 Kg4 56. Kf2 Rxg3 57. Ke2 Bxh4 58. Kf2
Rf3+ 59. Ke2 Bg5 60. Ke1 Bf4 61. Ke2 Re3+ 62. Kf2 Kf5 63. Kg2 g5 64. Kf2 g4 65.
Kg2 Ke4 66. Kf2 g3+ 67. Kf1 Kf3 68. Kg1 Re1# {Normal} 0-1

[Event "Rated Blitz game"]
[Site "?"]
[Date "2021.10.31"]
[Round "?"]
[White "RatzFatzWeg"]
[Black "denflup"]
[Result "1-0"]
[ECO "C42"]
[WhiteElo "2504"]
[BlackElo "2384"]
[PlyCount "77"]
[EventDate "2021.??.??"]
[EventType "blitz"]
[TimeControl "180+2"]

1. e4 e5 2. Nf3 Nf6 3. Nxe5 d6 4. Nxf7 Kxf7 5. Nc3 c5 6. Bc4+ Be6 7. Bxe6+ Kxe6
8. d4 Kf7 9. dxc5 Nc6 10. Qe2 Qd7 11. cxd6 Qxd6 12. Bd2 Be7 13. O-O-O Rhd8 14.
f3 Qe6 15. g4 Kg8 16. g5 Ne8 17. f4 Rac8 18. Rhe1 a6 19. Nd5 Bf8 20. f5 Qe5 21.
Bc3 Qb8 22. g6 h6 23. e5 Nc7 24. Nb6 Nb5 25. Nxc8 Nxc3 26. bxc3 Qxc8 27. f6 Qe6
28. Rxd8 Nxd8 29. h3 Qxa2 30. Qe4 Nc6 31. Rd1 Qe6 32. f7+ Kh8 33. Re1 Be7 34.
h4 b5 35. h5 Bf8 36. Rf1 Qc8 37. Qf5 Ne7 38. Qxc8 Nxc8 39. Rd1 {Time forfeit}
1-0

[Event "Rated Blitz tournament Nlx2FGJR"]
[Site "?"]
[Date "2021.10.31"]
[Round "?"]
[White "VSavicevic"]
[Black "Graf_Orlov"]
[Result "0-1"]
[ECO "C42"]
[WhiteElo "2479"]
[BlackElo "2308"]
[PlyCount "58"]
[EventDate "2021.??.??"]
[EventType "blitz"]
[TimeControl "300"]

1. e4 e5 2. Nf3 Nf6 3. Nxe5 d6 4. Nxf7 Kxf7 5. d4 c6 6. Nc3 Be7 7. Be2 Rf8 8.
g4 d5 9. e5 Ne4 10. Nxe4 dxe4 11. Be3 Be6 12. Qd2 b5 13. O-O Kg8 14. a4 a6 15.
axb5 cxb5 16. Rfd1 Qd7 17. d5 Bxg4 18. e6 Qe8 19. Bxg4 Qg6 20. Qe2 h5 21. d6
Bh4 22. h3 Rf3 23. Bg5 Bxf2+ 24. Kg2 Qxg5 25. Qxe4 hxg4 26. Qxa8 Rg3+ 27. Kf1
Ba7 28. Qe4 Qf6+ 29. Ke2 Qf2# {Normal} 0-1

[Event "Rated Blitz game"]
[Site "?"]
[Date "2021.10.31"]
[Round "?"]
[White "chros"]
[Black "pulchrum-oculis"]
[Result "1-0"]
[ECO "C42"]
[WhiteElo "2360"]
[BlackElo "2415"]
[PlyCount "43"]
[EventDate "2021.??.??"]
[EventType "blitz"]
[TimeControl "180"]

1. e4 e5 2. Nf3 Nf6 3. Nxe5 d6 4. Nxf7 Kxf7 5. Nc3 c5 6. Be2 Be7 7. d4 cxd4 8.
Qxd4 Nc6 9. Qe3 Rf8 10. f4 Kg8 11. h3 Be6 12. g4 d5 13. f5 d4 14. Qg3 Bd6 15.
Bf4 Bxf4 16. Qxf4 dxc3 17. g5 cxb2 18. Rb1 Bxa2 19. Rxb2 Qa5+ 20. Kf2 Nd7 21.
Rd1 Qc7 22. Qxc7 {Normal} 1-0

[Event "Rated Blitz game"]
[Site "?"]
[Date "2021.10.30"]
[Round "?"]
[White "dalgen"]
[Black "GladysPonsonby93"]
[Result "1/2-1/2"]
[ECO "C42"]
[WhiteElo "2321"]
[BlackElo "2429"]
[PlyCount "113"]
[EventDate "2021.??.??"]
[EventType "blitz"]
[TimeControl "180"]

1. e4 e5 2. Nf3 Nf6 3. Nxe5 d6 4. Nxf7 Kxf7 5. Bc4+ Ke8 6. d4 Nxe4 7. Qh5+ g6
8. Qd5 Qe7 9. O-O c6 10. Qa5 d5 11. Bd3 Bg7 12. c3 Nd7 13. f3 b6 14. Qa4 b5 15.
Qd1 Ng5 16. Bxg5 Qxg5 17. Re1+ Kd8 18. a4 Nf6 19. axb5 Bh3 20. Bf1 cxb5 21. Na3
Nh5 22. Nxb5 Nf4 23. Nxa7 Bxg2 24. Nc6+ Kc7 25. h4 Nh3+ 26. Kh2 Qxh4 27. Rxa8
Nf4+ 28. Kg1 Qh1+ 29. Kf2 Nh3+ 30. Kg3 Bxf1 31. Rxf1 Nf2 32. Kxf2 Qh4+ 33. Kg1
Rxa8 34. Qe2 Qg3+ 35. Qg2 Qxg2+ 36. Kxg2 Kxc6 37. Re1 Ra2 38. Re2 Bh6 39. Kg3
Bc1 40. Rc2 Bxb2 41. c4 dxc4 42. d5+ Kxd5 43. Kg4 c3 44. f4 Kc4 45. Kg5 Kd3 46.
Kh6 Kxc2 47. Kxh7 Kb3 48. Kxg6 Bc1 49. f5 Bf4 50. f6 Bd6 51. f7 Bf8 52. Kh7 Rg2
53. Kh8 Rh2+ 54. Kg8 Rf2 55. Kxf8 Rxf7+ 56. Kxf7 c2 57. Ke7 {Time forfeit}
1/2-1/2

[Event "Rated Blitz game"]
[Site "?"]
[Date "2021.10.30"]
[Round "?"]
[White "Rimlehy"]
[Black "bpsakk13"]
[Result "1-0"]
[ECO "C42"]
[WhiteElo "2301"]
[BlackElo "2430"]
[PlyCount "69"]
[EventDate "2021.??.??"]
[EventType "blitz"]
[TimeControl "180+2"]

1. e4 e5 2. Nf3 Nf6 3. Nxe5 d6 4. Nxf7 Kxf7 5. d4 Qe7 6. Nc3 Kg8 7. Bc4+ Be6 8.
Bxe6+ Qxe6 9. O-O h6 10. f4 c6 11. e5 dxe5 12. fxe5 Nd5 13. Ne4 Qg6 14. Qf3 Kh7
15. Bd2 b5 16. b3 b4 17. Rae1 Nc7 18. h4 Ne6 19. h5 Qe8 20. Qf5+ Kg8 21. Be3
Nd7 22. Rf3 Nb6 23. Ref1 Rd8 24. Rg3 Nd5 25. Nf6+ Nxf6 26. exf6 Qf7 27. Rg6
Nxd4 28. Bxd4 Rxd4 29. fxg7 Qxf5 30. gxh8=Q+ Kxh8 31. Rxf5 Bg7 32. Rxc6 Rd1+
33. Kh2 a5 34. Rc8+ Kh7 35. Rc7 {Time forfeit} 1-0

[Event "Rated Blitz game"]
[Site "?"]
[Date "2021.10.30"]
[Round "?"]
[White "Cadlag"]
[Black "promoKC"]
[Result "1-0"]
[ECO "C42"]
[WhiteElo "2538"]
[BlackElo "2463"]
[PlyCount "43"]
[EventDate "2021.??.??"]
[EventType "blitz"]
[TimeControl "180"]

1. e4 e5 2. Nf3 Nf6 3. Nxe5 d6 4. Nxf7 Kxf7 5. d4 g6 6. Nc3 Bg7 7. Bc4+ d5 8.
Nxd5 Nxd5 9. Bxd5+ Be6 10. Bxb7 c6 11. Bxa8 Qb6 12. c3 Rd8 13. O-O Na6 14. Bxc6
Qxc6 15. d5 Bxd5 16. exd5 Qxd5 17. Qxd5+ Rxd5 18. Be3 Rb5 19. Rab1 Nc7 20. Rfd1
Ke6 21. Bxa7 Ra5 22. Bb6 {Normal} 1-0

[Event "Rated Blitz tournament agPQ4WBf"]
[Site "?"]
[Date "2021.10.30"]
[Round "?"]
[White "alesha_kiselev"]
[Black "KATASTR0FA"]
[Result "1-0"]
[ECO "C42"]
[WhiteElo "2440"]
[BlackElo "2314"]
[PlyCount "81"]
[EventDate "2021.??.??"]
[EventType "blitz"]
[TimeControl "180"]

1. e4 e5 2. Nf3 Nf6 3. Nxe5 d6 4. Nxf7 Kxf7 5. d4 Be7 6. Nc3 Rf8 7. Bc4+ Be6 8.
Bxe6+ Kxe6 9. g4 Kf7 10. g5 Nfd7 11. f4 Kg8 12. Qh5 Nc6 13. Be3 Nb6 14. Qh3 Nc4
15. Qe6+ Kh8 16. Qxc4 a6 17. O-O-O Qd7 18. h4 Rae8 19. d5 Na5 20. Qd4 b6 21. h5
h6 22. gxh6 Bf6 23. hxg7+ Bxg7 24. Qd3 Bh6 25. Rdg1 Nb7 26. Bd4+ Kh7 27. Kb1
Nc5 28. Qg3 Rg8 29. Qg6+ Rxg6 30. hxg6+ Kg8 31. Rxh6 Kf8 32. Bf6 Qg7 33. Bxg7+
Kxg7 34. Rh7+ Kg8 35. Rxc7 Nxe4 36. Nxe4 Rxe4 37. g7 Rd4 38. Rc8+ Kf7 39. g8=R
Kf6 40. Rcf8+ Ke7 41. R1g7# {Normal} 1-0

[Event "Rated Blitz game"]
[Site "?"]
[Date "2021.10.30"]
[Round "?"]
[White "BombaLeila"]
[Black "GustiloChess64"]
[Result "1-0"]
[ECO "C42"]
[WhiteElo "2466"]
[BlackElo "2373"]
[PlyCount "131"]
[EventDate "2021.??.??"]
[EventType "blitz"]
[TimeControl "180"]

1. e4 e5 2. Nf3 Nf6 3. Nxe5 d6 4. Nxf7 Kxf7 5. Nc3 g6 6. Bc4+ Kg7 7. d4 Nc6 8.
O-O h6 9. Be3 Kh7 10. f3 Bg7 11. g4 Rf8 12. Qd2 Na5 13. Bd3 c5 14. Ne2 c4 15.
e5 cxd3 16. exf6 dxe2 17. fxg7 exf1=Q+ 18. Rxf1 Kxg7 19. Bxh6+ Kg8 20. Bxf8
Kxf8 21. Qh6+ Kf7 22. Qh7+ Kf8 23. Qh8+ Ke7 24. Re1+ Kd7 25. Qg7+ Kc6 26. d5+
Kb6 27. Qd4+ Ka6 28. b4 Qb6 29. b5+ Qxb5 30. Kg2 Bd7 31. a4 Qxa4 32. Qd3+ Bb5
33. Qxg6 Rc8 34. Qxd6+ b6 35. Re7 Rxc2+ 36. Kg3 Qd4 37. g5 Nc4 38. Qb8 Qf2+ 39.
Kg4 Ne3+ 40. Kh5 Qxh2+ 41. Qxh2 Rxh2+ 42. Kg6 Nxd5 43. Re5 Bc4 44. Re4 b5 45.
Re6+ Ka5 46. Rc6 Rf2 47. Rd6 Rxf3 48. Rd7 Rg3 49. Rxa7+ Kb4 50. Kh6 Kc3 51. g6
Nf6 52. g7 b4 53. Rc7 b3 54. Rb7 Ng8+ 55. Kh7 Rh3+ 56. Kg6 b2 57. Rb6 Bb3 58.
Rc6+ Kb4 59. Rb6+ Ka3 60. Ra6+ Ba4 61. Rb6 Rb3 62. Rf6 b1=Q+ 63. Kg5 Rg3+ 64.
Kh4 Qb4+ 65. Rf4 Nf6 66. Kxg3 {Time forfeit} 1-0

[Event "Rated Blitz game"]
[Site "?"]
[Date "2021.10.30"]
[Round "?"]
[White "aleksej1"]
[Black "Prayer791"]
[Result "0-1"]
[ECO "C42"]
[WhiteElo "2504"]
[BlackElo "2589"]
[PlyCount "108"]
[EventDate "2021.??.??"]
[EventType "blitz"]
[TimeControl "180"]

1. e4 e5 2. Nf3 Nf6 3. Nxe5 d6 4. Nxf7 Kxf7 5. Nc3 Be6 6. d4 g6 7. d5 Bg4 8. f3
Bc8 9. Bd3 Bg7 10. O-O Rf8 11. f4 Kg8 12. h3 c6 13. Bc4 cxd5 14. Nxd5 Nxd5 15.
Bxd5+ Kh8 16. c3 Nc6 17. Be3 Qe7 18. Qd3 Be6 19. Rae1 Bxd5 20. exd5 Nb8 21.
Bxa7 Qf7 22. Bxb8 Raxb8 23. a4 Rfe8 24. g3 Qd7 25. Kg2 Qxa4 26. f5 Rxe1 27.
Rxe1 gxf5 28. Qxf5 Rf8 29. Qe4 Qxe4+ 30. Rxe4 Kg8 31. Rb4 Rf7 32. Rb6 Be5 33.
c4 Rc7 34. b3 Kf7 35. Kf3 Ke7 36. g4 Kd8 37. Ke4 Kc8 38. h4 Rg7 39. Kf5 Kc7 40.
Rb5 Rf7+ 41. Kg5 b6 42. b4 Bf4+ 43. Kh5 Be3 44. g5 Rf4 45. c5 dxc5 46. bxc5
Bxc5 47. Rb3 Kd6 48. Rh3 Kxd5 49. Kh6 Rf7 50. Rd3+ Kc4 51. Rd1 Bd4 52. h5 b5
53. Rc1+ Kd5 54. g6 Be3# {Normal} 0-1

[Event "Rated Blitz game"]
[Site "?"]
[Date "2021.10.29"]
[Round "?"]
[White "harunov"]
[Black "Artem_Ry"]
[Result "1-0"]
[ECO "C42"]
[WhiteElo "2403"]
[BlackElo "2386"]
[PlyCount "87"]
[EventDate "2021.??.??"]
[EventType "blitz"]
[TimeControl "180"]

1. e4 e5 2. Nf3 Nf6 3. Nxe5 d6 4. Nxf7 Kxf7 5. Bc4+ Be6 6. Bxe6+ Kxe6 7. O-O
Be7 8. d4 Kf7 9. f4 Rf8 10. e5 Nd5 11. c4 Nb6 12. a4 Kg8 13. b3 d5 14. c5 Nc8
15. f5 Bg5 16. f6 Bxc1 17. Qxc1 Nc6 18. Qg5 g6 19. e6 Nxd4 20. e7 Qxe7 21.
Qxd5+ Qe6 22. Qxd4 Qf7 23. Nd2 a5 24. Ne4 h6 25. Rf3 Na7 26. Qd2 Qh7 27. f7+
Rxf7 28. Nf6+ Rxf6 29. Rxf6 Qg7 30. Qd5+ Kh8 31. Raf1 Nc6 32. h3 Rd8 33. Qe4
Rg8 34. Kh1 Ne7 35. Rf7 Nf5 36. R1xf5 gxf5 37. Qd5 Qa1+ 38. Kh2 Qb2 39. Rxc7 f4
40. Rxb7 f3 41. Qxf3 Qe5+ 42. g3 Qb2+ 43. Qg2 Re8 44. Qxb2+ {Time forfeit} 1-0